 Dungeon Crawl Stone Soup version 0.30-a0-1075-gcd70e7a56d (webtiles) character file.

Game seed: 10053349093817467085

338 graymark the Trooper (level 6, -7/50 HPs)
             Began as a Demonspawn Fighter on Apr 14, 2023.
             Was a Believer of Wu Jian.
             Mangled by Menkaure (14 damage)
             ... on level 4 of the Dungeon.
             The game lasted 00:06:33 (1658 turns).

graymark the Trooper (Demonspawn Fighter)           Turns: 1658, Time: 00:06:33

Health: -7/50      AC:  8    Str: 18    XL:     6   Next: 29%
Magic:  25/25      EV:  9    Int: 11    God:    Wu Jian [**....]
Gold:   168        SH:  5    Dex: 13    Spells: 7/7 levels left

rFire   . . .      SeeInvis .    a - +0 war axe
rCold   . . .      Faith    .    c - +0 buckler
rNeg    . . .      Spirit   .    b - +0 scale mail
rPois   .          Reflect  .    (helmet restricted)
rElec   .          Rampage  .    (no cloak)
rCorr   .                        g - +0 pair of gloves
Will    .....                    (no boots) Stlth
                                 f - amulet of regeneration
HPRegen 1.08/turn                j - ring of magical power
MPRegen 0.38/turn                o - ring of magical power

@: no status effects
A: horns 1, magic regeneration, big brain 1
a: Renounce Religion, Wall Jump


You were on level 4 of the Dungeon.
You worshipped Wu Jian.
Wu Jian was pleased with you.
You visited 1 branch of the dungeon, and saw 4 of its levels.

You collected 168 gold pieces.

Inventory:

Hand Weapons
 a - a +0 war axe (weapon)
 v - a +4 dagger of venom
 w - a +2 quarterstaff of draining
Missiles
 u - 9 poisoned darts (quivered)
Armour
 b - a +0 scale mail (worn)
 c - a +0 buckler (worn)
 g - a +0 pair of gloves (worn)
Jewellery
 f - an amulet of regeneration (around neck)
 i - a ring of ice
 j - a ring of magical power (left hand)
 o - a ring of magical power (right hand)
 x - a ring of fire
Wands
 t - a wand of flame (24)
Scrolls
 e - 2 scrolls of vulnerability
 k - 3 scrolls of butterflies
 m - a scroll of magic mapping
 n - a scroll of noise {unknown}
 p - 2 scrolls of enchant weapon
 q - a scroll of blinking {unknown}
 s - 2 scrolls of torment {unknown}
Potions
 d - 2 potions of might
 h - 2 potions of curing
 l - a potion of invisibility {unknown}
 r - 4 potions of mutation {unknown}


   Skills:
 * Level 4.9 Fighting
 - Level 3.0 Axes
 + Level 0.0 Staves
 + Level 3.6 Armour
 + Level 3.7 Shields
 + Level 1.1 Spellcasting


You had 7 spell levels left.
You didn't know any spells.
Your spell library contained the following spells:

 Spells                   Type           Power      Damage    Failure   Level
 Inner Flame              Hex/Fire       0%         N/A       98%         3
 Flame Wave               Conj/Fire      0%         2d4       100%        4
 Sticky Flame             Conj/Fire      0%         2d3       100%        4


Dungeon Overview and Level Annotations

Branches:
Dungeon (4/15)
 Temple: D:4-7

Altars:
Gozag
Kikubaaqudgha
Ru
Wu Jian

Annotations:
D:2 Sigmund
D:4 Menkaure


Innate Abilities, Weirdness & Mutations

You have a pair of small horns on your head.
You regenerate magic rapidly.
You have an unusually large brain. (Int +2)


Message History

You kill the adder!
The Council accepts your kill.
No target in view!
No target in view!
Things that are here:
a +0 spear; an adder corpse
There is an open door here.
You pick up a book of Flames and begin reading...
You add the spells Inner Flame, Sticky Flame and Flame Wave to your library.
k - 3 scrolls of butterflies (gained 1)
Found a stone staircase leading down.
There is a stone staircase leading down here.
u - 9 poisoned darts (gained 4)
Okay, then.
You can't wield that with only one hand.
You now have 168 gold pieces (gained 15).
A ball python comes into view.
The ball python hisses angrily.
A ball python is nearby!
Menkaure, Prince of Dust comes into view.
Menkaure casts a spell.
Menkaure seems to speed up.
You barely miss the ball python. You headbutt the ball python.
You kill the ball python!
The Council accepts your kill. Menkaure casts a spell at you.
Pain shoots through your body!
You see here a ball python corpse.
You lunge at Menkaure.
You closely miss Menkaure.
Menkaure gestures at you while chanting.
Pain shoots through your body!
You hit Menkaure.
Menkaure is lightly damaged.
Menkaure calls on the powers of darkness!
Your body is wracked with pain!
Menkaure hits you!
* * * LOW HITPOINT WARNING * * *
Menkaure attacks as you move away! Menkaure hits you but does no damage.
You see here a ball python corpse.
Menkaure attacks as you move away! Menkaure hits you!
You die...

######### ####.
#........ ......#
###
#.........#####.#
##....
.................
.....#
#.........###....
#...# #........
#..<. #...#
#........ #....
#...###M.......
#....
#.....@......##
#....
#............#
#....
#............#
#....
#.###...##########
#....
...............
#.###
#####...##########
#.###
###...#......#
#.... ###.#......#
##### #.#......#
#...


You could see Menkaure (fast).

Vanquished Creatures
  A scorpion (D:4)
  A howler monkey (D:4)
  An iguana (D:4)
  Jessica (D:2)
  Natasha (D:3)
  Robin (D:3)
  4 gnolls (D:4)
  4 adders
  An ufetubus (D:4)
  2 orcs (D:3)
  8 bats
  3 endoplasms
  3 giant cockroaches
  13 goblins
  9 hobgoblins
  3 quokkas
  6 ball pythons
  3 frilled lizards
  7 kobolds
  5 rats
77 creatures vanquished.

Vanquished Creatures (others)
  2 goblins (D:3)
  A quokka (D:3)
3 creatures vanquished.

Grand Total: 80 creatures vanquished

Notes
Turn   | Place    | Note
-------+----------+-------------------------------------------
     0 | D:1      | graymark the Demonspawn Fighter began the quest for the
                  | Orb.
     0 | D:1      | Reached XP level 1. HP: 18/18 MP: 1/1
   240 | D:1      | Gained mutation: You regenerate magic rapidly. [demonic
                  | ancestry]
   240 | D:1      | Reached XP level 2. HP: 24/24 MP: 2/2
   629 | D:2      | Gained mutation: You have an unusually large brain. (Int
                  | +2) [demonic ancestry]
   629 | D:2      | Reached XP level 3. HP: 29/29 MP: 3/3
   672 | D:2      | Found a faded altar of an unknown god.
   691 | D:2      | Prayed at the altar of an unknown god.
   691 | D:2      | Became a worshipper of the Wu Jian Council
   691 | D:2      | Reached * piety under Wu Jian
   703 | D:2      | Noticed Jessica
   707 | D:2      | Killed Jessica
   843 | D:2      | Noticed Sigmund
   872 | D:3      | Reached XP level 4. HP: 37/37 MP: 4/4
   985 | D:3      | Reached skill level 4 in Fighting
  1028 | D:3      | Noticed Natasha
  1041 | D:3      | Killed Natasha
  1068 | D:3      | Found an ancient bone altar of Kikubaaqudgha.
  1068 | D:3      | Found an opulent altar of Gozag.
  1120 | D:3      | Found a sacrificial altar of Ru.
  1183 | D:3      | Noticed Robin
  1207 | D:3      | Reached ** piety under Wu Jian
  1214 | D:3      | Killed Robin
  1378 | D:4      | Reached XP level 5. HP: 42/42 MP: 5/5
  1555 | D:4      | Reached skill level 1 in Spellcasting
  1555 | D:4      | Gained mutation: You have a pair of small horns on your
                  | head. [demonic ancestry]
  1555 | D:4      | Reached XP level 6. HP: 39/50 MP: 7/7
  1651 | D:4      | Noticed Menkaure
  1658 | D:4      | Mangled by Menkaure

Illustrated notes

Levels and vault maps discovered:
D:1:      doesnt_arrival_eight_statues, layout_rooms, grunt_decor_junction,
          minmay_fountain_box
D:2:      layout_rooms, basic_ecumenical_altar, kennysheep_generic_room_8,
          uniq_sigmund, uniq_jessica
D:3:      layout_rooms, elyvilon_altar_4,
          chequers_temple_overflow_statue_of_worship,
          mainiacjoe_overflow_six_doors_small, uniq_natasha, uniq_robin
D:4:      layout_basic, grunt_dithmenos_smoke, lemuel_zombie_altar_yredelemnul,
          uniq_menkaure

Skill      XL: |  1  2  3  4  5  6 |
---------------+-------------------+-----
Axes           | 2 3 |  3.0
Shields        | 3 |  3.7
Armour         | 3 |  3.6
Fighting       | 4 |  4.9
Spellcasting   | 1 |  1.1

Action                     |  1- 3 |  4- 6 || total
---------------------------+-------+-------++-------
  Melee: War axe           |    90 |   174 ||   264
         Headbutt          |       |     3 ||     3
Ability: Lunge             |       |     5 ||     5
         Whirlwind         |       |     1 ||     1
    Use: Scroll            |     4 |     1 ||     5
         Potion            |       |     1 ||     1
 Armour: Scale mail        |    40 |   106 ||   146
  Dodge: Dodged            |    41 |   111 ||   152
  Block: Buckler           |    27 |    53 ||    80

Table legend: (Time is in decaauts)
 A = Elapsed time spent in this place.
 B = Non-inter-level travel time spent in this place.
 C = Inter-level travel time spent in this place.
 D = Time resting spent in this place.
 E = Time spent auto-exploring this place.
 F = Levels seen in this place.
 G = Mean time per level.
                   A        B        C        D        E       F      G
               +--------+--------+--------+--------+--------+-----+--------+
         Total |   1765 |   1699 |     66 |     24 |   1000 |   4 |  441.2 |
       Dungeon |   1765 |   1699 |     66 |     24 |   1000 |   4 |  441.2 |
               +--------+--------+--------+--------+--------+-----+--------+

Top non-repeatable levels by time:
     D:1: 602 daAuts
     D:3: 549 daAuts
     D:4: 321 daAuts
     D:2: 292 daAuts
